 Dungeon Crawl Stone Soup version 0.30-a0-722-g3e6e8c874d (webtiles) character file.

Game seed: 14731535481230278630

4160 Hiru the Carver (level 10, -8/96 HPs)
             Began as a Tengu Monk on Jan 28, 2023.
             Mangled by a manticore (9 damage)
             ... on level 7 of the Dungeon.
             The game lasted 00:17:26 (7330 turns).

Hiru the Carver (Tengu Monk)                        Turns: 7330, Time: 00:17:27

Health: -8/96      AC: 25    Str: 13    XL:     10   Next: 28%
Magic:  11/11      EV:  2    Int: 10    God:
Gold:   266        SH:  5    Dex: 20    Spells: 9/9 levels left

rFire   . . .      SeeInvis +    E - +0 long sword (vamp)
rCold   . . .      Faith    .    (no shield)
rNeg    . . .      Spirit   .    (body armour currently unavailable)
rPois   +          Reflect  +    (helmet currently unavailable)
rElec   .          Harm     .    (cloak currently unavailable)
rCorr   .          Rampage  .    (gloves currently unavailable)
Will    +....      NoTele   +    (boots unavailable)
Stlth   ++                       j - amulet of reflection
HPRegen 0.36/turn                g - ring of willpower
MPRegen 0.12/turn                k - ring of see invisible

@: tree-form, spiked
A: stationary, stasis, torment immunity, boosted hp, (beak), (talons 3), nimble
flight
a: no special abilities


You were on level 7 of the Dungeon.
You were a tree.
You visited 2 branches of the dungeon, and saw 8 of its levels.
You also visited: Ossuary.

You collected 435 gold pieces.
You spent 169 gold pieces at shops.

Inventory:

Hand Weapons
 d - a +3 great sword
 E - a +0 vampiric long sword (weapon)
Armour
 F - +0 swamp dragon scales (melded)
 G - a +0 leather armour of fire resistance
Jewellery
 g - a ring of willpower (left branch)
 j - an amulet of reflection (around neck)
 k - a ring of see invisible (right branch)
 q - a +6 ring of intelligence
Wands
 y - a wand of flame (13)
Scrolls
 e - 4 scrolls of identify
 h - a scroll of poison {unknown}
 i - 8 scrolls of magic mapping
 m - 3 scrolls of immolation {unknown}
 n - 3 scrolls of fog
 o - 2 scrolls of vulnerability {unknown}
 r - 2 scrolls of teleportation
 t - 2 scrolls of torment {unknown}
 u - 3 scrolls of noise {unknown}
 w - a scroll of summoning {unknown}
 C - a scroll of brand weapon {unknown}
 D - a scroll of blinking {unknown}
Potions
 a - 2 potions of flight {unknown}
 b - 5 potions of brilliance
 f - 6 potions of curing
 l - 4 potions of lignification
 p - 3 potions of degeneration
 s - 3 potions of mutation
 v - a potion of heal wounds {unknown}
 x - 2 potions of berserk rage
 z - 3 potions of attraction {unknown}
 A - 2 potions of magic
 B - 3 potions of haste


   Skills:
 + Level 7.9 Fighting
 * Level 11.7 Long Blades
 - Level 5.9 Armour
 + Level 6.0 Dodging
 - Level 2.0 Stealth


You had 9 spell levels left.
You didn't know any spells.
Your spell library contained the following spells:

 Spells                   Type           Power      Damage    Failure   Level
 Freeze                   Ice            0%         1d3       36%         1
 Blink                    Tloc           0%         N/A       50%         2
 Frozen Ramparts          Ice            0%         1d1       75%         3
 Hailstorm                Conj/Ice       0%         3d3       75%         3
 Manifold Assault         Tloc           0%         N/A       98%         4
 Storm Form               Tmut/Air       0%         N/A       100%        7


Dungeon Overview and Level Annotations

Branches:
Dungeon (7/15)             Temple (1/1) D:4         Ossuary (visited)

Altars:
Ashenzari
Cheibriados
Dithmenos
Elyvilon
Gozag
Hepliaklqana
Nemelex Xobeh
Qazlal
Ru
Sif Muna
Uskayaw
Vehumet
Wu Jian
Xom
Yredelemnul
Zin
The Shining One

Shops:
D:3 (   D:7 *=


Innate Abilities, Weirdness & Mutations

You are a tree.
Your roots penetrate the ground, keeping you stationary.
You cannot be teleported.
You are immune to unholy pain and torment.
Your maximum health is greatly increased.
Your equipment is partially melded.
((You have a beak for a mouth.))
((You have claws for feet.))
Your magical nature lets you fly swiftly and evasively.


Message History

The manticore flicks its tail.
The volley of spikes hits you!
The barbed spikes become lodged in your body.
* * * LOW HITPOINT WARNING * * *
The manticore bites you.
* * * LOW HITPOINT WARNING * * *
The manticore claws you.
* * * LOW HITPOINT WARNING * * *
The manticore claws you.
* * * LOW HITPOINT WARNING * * *
You cannot move. (Use ctrl+direction or * direction to attack while stationary and confused.)
You cannot move. (Use ctrl+direction or * direction to attack while stationary and confused.)
You slash the manticore!
You feel better.
The manticore is moderately wounded.
The manticore bites you but does no damage.
The manticore claws you but does no damage.
The manticore claws you.
* * * LOW HITPOINT WARNING * * *
You completely miss the manticore.
The manticore is moderately wounded.
You feel less invigorated.
You feel less confused.
You slice the manticore!!
The manticore is severely wounded.
The manticore bites you!
* * * LOW HITPOINT WARNING * * *
The manticore claws you but does no damage.
You block the manticore's attack.
You slash the manticore!
The manticore is almost dead.
The manticore bites you but does no damage.
The manticore claws you but does no damage.
You block the manticore's attack.
You hit the manticore but do no damage.
The manticore is almost dead.
The manticore bites you but does no damage.
The manticore claws you!
* * * LOW HITPOINT WARNING * * *
The manticore claws you!
You die...

)##.##'.#.#.........#############
#..##)#.#.###......#.............
#####.#.#.###..#####.###########.
..##.##.#..............# #.
##..##.)###........#.#.# #.
#####..#....#......#(#[# #.
'###..##.####......#.#.# #######.
.........####......#.#.# #.......
....>......##...♣..#.#.# #.######
##.........##...H..#.#.###.#
#..........##......#.#...#.#
#.###..........[[..#.#.#...# ♣.♣
#..........[...#.#.#.∩.#
♣.♣♣#..............#.#.)...#
...................#.#.###)#
♣.♣♣#..............#.#.###.# ♣.♣
#..............#.#...#.#


You could see a manticore.

Vanquished Creatures
  A cyclops (D:7)
  Joseph (D:7)
  Maggie (D:7)
  Prince Ribbit (D:7)
  2 orc warriors
  A black bear (D:6)
  2 ice beasts
  2 sky beasts (D:7)
  3 ogres
  2 centaurs (D:7)
  2 phantoms
  A kobold brigand (D:7)
  A gnoll sergeant (D:6)
  A bullfrog (D:7)
  4 water moccasin zombies (Ossuary)
  A scorpion (D:5)
  10 wights
  A howler monkey (D:7)
  4 hounds (D:5)
  A gnoll bouda (D:7)
  2 orc priests
  2 jellies
  5 iguanas
  4 orc wizards
  2 mummies (Ossuary)
  7 gnolls
  6 adders
  5 ufetubi
  4 adder zombies (Ossuary)
  2 worms
  3 dart slugs
  20 orcs
  10 ball pythons
  7 endoplasms
  3 giant cockroaches
  2 gnoll zombies (Ossuary)
  A goblin (D:2)
  2 hobgoblins
  2 jackals (D:1)
  16 kobolds
  3 quokkas
  4 bats
  3 frilled lizards
  3 hobgoblin zombies (Ossuary)
  7 kobold zombies (Ossuary)
  3 orc zombies (Ossuary)
  4 rats
  A spectral orc (D:4)
175 creatures vanquished.

Notes
Turn   | Place    | Note
-------+----------+-------------------------------------------
     0 | D:1      | Hiru the Tengu Monk began the quest for the Orb.
     0 | D:1      | Reached XP level 1. HP: 14/14 MP: 2/2
    64 | D:1      | Reached XP level 2. HP: 19/19 MP: 3/3
   487 | D:1      | Reached skill level 1 in Armour
  1034 | D:2      | Reached skill level 4 in Long Blades
  1034 | D:2      | Reached XP level 3. HP: 16/23 MP: 4/4
  1469 | D:2      | Reached XP level 4. HP: 18/28 MP: 5/5
  1567 | D:2      | You fall into a shaft and drop 1 floor!
  1700 | D:3      | Found Zaxkad's Weapon Boutique.
  1706 | D:3      | Bought a +0 long sword for 45 gold pieces
  2219 | D:3      | Gained mutation: Your magical nature lets you fly swiftly
                  | and evasively. [Tengu growth]
  2219 | D:3      | Reached XP level 5. HP: 33/33 MP: 6/6
  2251 | D:3      | Reached skill level 5 in Long Blades
  2566 | D:4      | Found a hazy altar of Hepliaklqana.
  2567 | D:4      | Found a shimmering altar of Xom.
  2567 | D:4      | Noticed a black bear
  2568 | D:4      | Noticed a spectral ugly thing
  2577 | D:4      | Found a sand-covered staircase.
  2586 | Ossuary  | Entered an ossuary
  2649 | Ossuary  | Reached XP level 6. HP: 33/38 MP: 7/7
  2733 | Ossuary  | Reached skill level 6 in Long Blades
  2854 | D:4      | Reached XP level 7. HP: 44/44 MP: 8/8
  3134 | D:4      | Found a staircase to the Ecumenical Temple.
  3209 | D:4      | Reached skill level 7 in Long Blades
  3241 | Temple   | Entered the Ecumenical Temple
  3412 | D:4      | Found a basalt altar of Yredelemnul.
  3671 | D:5      | Entered Level 5 of the Dungeon
  3675 | D:5      | Found a glowing golden altar of the Shining One.
  3682 | D:5      | Found a shadowy altar of Dithmenos.
  3711 | D:5      | Reached skill level 5 in Fighting
  3855 | D:5      | Reached XP level 8. HP: 36/49 MP: 9/9
  4007 | D:5      | Reached skill level 8 in Long Blades
  4159 | D:5      | Found a sacrificial altar of Ru.
  4475 | D:5      | Reached skill level 5 in Armour
  4973 | D:6      | Found a snail-covered altar of Cheibriados.
  5149 | D:7      | Reached skill level 9 in Long Blades
  5192 | D:7      | Noticed a manticore
  5192 | D:7      | Noticed a cyclops
  5366 | D:7      | Reached XP level 9. HP: 51/56 MP: 10/10
  5387 | D:7      | Found a white marble altar of Elyvilon.
  5469 | D:7      | Found Qucas's Jewellery Shoppe.
  5475 | D:7      | Noticed Maggie
  5506 | D:7      | Killed Maggie
  5558 | D:7      | Reached skill level 10 in Long Blades
  5778 | D:7      | Noticed a gargoyle
  5952 | D:7      | Found Kont's Assorted Antiques.
  5957 | D:7      | Bought a scroll of identify for 62 gold pieces
  5957 | D:7      | Bought a scroll of identify for 62 gold pieces
  6191 | D:6      | Reached skill level 5 in Dodging
  6599 | D:7      | Reached skill level 11 in Long Blades
  6686 | D:7      | Noticed Prince Ribbit
  6694 | D:7      | Killed Prince Ribbit
  6695 | D:7      | Reached XP level 10. HP: 60/63 MP: 11/11
  6804 | D:7      | Noticed Joseph
  6824 | D:7      | Killed Joseph
  6962 | D:7      | Found an ornate altar of the Wu Jian Council.
  7079 | D:7      | Identified the +6 war axe "Amif" {antimagic, Int+5}
  7110 | D:7      | Killed a cyclops
  7330 | D:7      | HP: 1/96 [manticore (9)]
  7330 | D:7      | Mangled by a manticore

Illustrated notes

Levels and vault maps discovered:
D:1:      dpeg_arrival_rooms_a, layout_basic, serial_co_window_serial,
          co_window_paths_a, co_window_of_opportunity_a,
          co_window_of_opportunity_a, co_window_paths_b,
          co_window_of_opportunity_a, co_window_paths_b, co_window_corner_a,
          co_window_paths_a, co_window_corner_a, co_window_cross_4,
          co_window_paths_c, co_window_2corner, co_window_of_opportunity_c,
          co_window_paths_c, co_window_paths_d, glass_columns_a,
          glass_columns_c, glass_columns_a, glass_columns_a
D:2:      layout_basic
D:3:      layout_loops_ring, serial_shops, shop_statue,
          kennysheep_generic_room_16
D:4:      layout_cave_pools, regret_index_temple_of_mockery,
          yredelemnul_forgotten_temple_becter, temple_pool_b, enter_ossuary_1,
          serial_glass, glass_columns_c, glass_columns_a, glass_columns_a,
          glass_columns_a, glass_columns_a, minmay_strange_pillars,
          feat_on_display, feat_on_display
D:5:      layout_basic, mainiacjoe_overflow_tiny_flanked,
          nicolae_overflow_hidden_temple, chequers_serial_rivers_large_a
D:6:      layout_rooms, cheibriados_altar_1, cheibrodos_sewer_entry_sluice
D:7:      minmay_the_grid_octo_triangle [minmay_the_grid_octo_fan_narrow,
          minmay_the_grid_octo_prize_big_c, minmay_the_grid_octo_empty],
          layout_basic, elyvilon_altar_5, nicolae_wu_jian_glorious_leap,
          serial_shops, nicolae_shop_stone, nicolae_diamond_shop,
          minmay_tree_intersection, uniq_joseph, uniq_maggie,
          uniq_prince_ribbit1
Temple:   nicolae_temple_colour_theory

Skill      XL: |  1  2  3  4  5  6  7  8  9 10 |
---------------+-------------------------------+-----
Armour         | 1 2 3 4 5 |  5.9
Long Blades    | 4 5 6 7 9 11 | 11.7
Fighting       | 4 5 6 7 |  7.9
Dodging        | 5 6 |  6.0
Stealth        | |  2.0

Action                     |  1- 3 |  4- 6 |  7- 9 | 10-12 || total
---------------------------+-------+-------+-------+-------++-------
  Melee: Falchion          |    57 |    10 |       |       ||    67
         Kick              |    11 |    34 |    71 |    15 ||   131
         Peck              |     7 |    34 |    58 |    14 ||   113
         Punch             |     1 |     2 |     2 |       ||     5
         Long sword        |       |   140 |   134 |    40 ||   314
         Great sword       |       |       |   128 |       ||   128
  Evoke: Wand              |       |     3 |    18 |       ||    21
    Use: Potion            |       |     1 |     2 |     3 ||     6
         Scroll            |       |       |    11 |       ||    11
   Stab: Sleeping          |     3 |       |     1 |       ||     4
         Paralysed         |       |     2 |     7 |       ||     9
 Armour: Robe              |     1 |       |       |       ||     1
         Ring mail         |    15 |    36 |    35 |       ||    86
         Swamp dragon scal |       |       |    20 |     5 ||    25
         Skin              |       |       |    14 |    11 ||    25
  Dodge: Dodged            |    23 |   130 |   172 |    10 ||   335
  Block: Other             |     2 |    47 |    70 |     6 ||   125

Table legend: (Time is in decaauts)
 A = Elapsed time spent in this place.
 B = Non-inter-level travel time spent in this place.
 C = Inter-level travel time spent in this place.
 D = Time resting spent in this place.
 E = Time spent auto-exploring this place.
 F = Levels seen in this place.
 G = Mean time per level.
                   A        B        C        D        E       F      G
               +--------+--------+--------+--------+--------+-----+--------+
         Total |   7016 |   6720 |    296 |     85 |   4995 |   9 |  779.6 |
       Dungeon |   6696 |   6400 |    296 |     85 |   4802 |   7 |  956.6 |
        Temple |     67 |     67 |      0 |      0 |     57 |   1 |   67.0 |
       Ossuary |    252 |    252 |      0 |      0 |    134 |   1 |  252.0 |
               +--------+--------+--------+--------+--------+-----+--------+

Top non-repeatable levels by time:
     D:7: 1755 daAuts
     D:5: 1133 daAuts
     D:1: 1027 daAuts
     D:3: 918 daAuts
     D:4: 696 daAuts
     D:2: 632 daAuts
     D:6: 532 daAuts
 Ossuary: 252 daAuts
  Temple: 67 daAuts
